Map: Sueño eterno EE

Players

canOHkush

  • Race: Protoss Protoss
  • Spawn Location: 1:00

MrFercho - Winner!

  • Race: Zerg Zerg
  • League: Silver
  • Spawn Location: 7:00

VOD

Have the link to the VOD?

Description

Time

  • Played on: July 18, 2020, 11:12 p.m.
  • Length: 12:56
Show
View Real Time Build Order
Export as new Build Order

canOHkush Protoss 

Build Orders:  

Get SALT Encoding   

  1  0:00  Probe  
  12  0:05  Probe  
  14  0:15  Probe  
  15  0:24  Pylon  
  15  0:42  Probe  
  16  0:54  Probe  
  17  0:57  Pylon  
  17  0:58  Gateway  
  17  1:05  Probe  
  18  1:13  Probe  
  18  1:15  Forge  
  18  1:21  Probe  
  19  1:27  Assimilator  
  19  1:33  Probe  
  19  1:34  Assimilator  
  20  1:45  Probe  
  21  1:54  Photon Cannon  
  21  1:57  Probe  
  21  1:59  Photon Cannon  
  22  2:02  Pylon  
  22  2:09  Probe  
  23  2:20  Probe  
  24  2:23  Cybernetics Core  
  24  2:28  Probe  
  24  2:32  Photon Cannon  
  25  2:58  Photon Cannon  
  25  3:02  Photon Cannon  
  25  3:05  Pylon  
  25  3:29  Nexus  
  25  3:33  Pylon  
  25  3:44  Photon Cannon  
  25  3:53  Stargate  
  25  4:10  Shield Battery  
  25  4:22  Stargate  
  25  4:23  Stargate  
  25  4:27  Stargate  
  25  4:32  Assimilator  
  25  4:37  Assimilator  
  25  4:53  Probe  
  25  4:55  Protoss Air Weapons Level 1  
  25  4:57  Probe  
  27  5:01  Probe  
  27  5:09  Probe  
  28  5:19  Photon Cannon  
  28  5:23  Photon Cannon  
  28  5:29  Oracle  
  28  5:32  Probe  
  32  5:36  Probe  
  32  5:41  Probe  
  33  5:44  Probe  
  35  5:50  Probe  
  35  5:55  Probe  
  37  5:59  Probe  
  37  6:02  Oracle  
  41  6:07  Probe  
  42  6:12  Void Ray  
  46  6:38  Void Ray  
  50  6:59  Void Ray  
  54  7:03  Protoss Air Armor Level 1  
  54  7:24  Void Ray  
  58  7:43  Nexus  
  58  7:46  Assimilator  
  58  7:48  Assimilator  
  58  7:50  Pylon  
  58  7:53  Pylon  
  58  7:56  Pylon  
  58  7:57  Pylon  
  58  8:00  Pylon  
  58  8:13  Fleet Beacon  
  55  8:46  Void Ray x2  
  55  8:47  Void Ray  
  67  8:48  Photon Cannon  
  67  9:25  Probe x3  
  70  9:37  Probe x2  
  70  9:38  Probe  
  73  9:49  Probe  
  73  9:50  Probe x2  
  76  9:55  Void Ray x4  
  92  10:01  Probe  
  92  10:02  Probe x2  
  95  10:14  Probe x2  
  97  10:22  Pylon x2  
  97  10:25  Pylon  
  97  10:29  Photon Cannon  
  97  10:32  Photon Cannon  
  97  10:38  Phoenix x3  
  97  10:39  Protoss Air Weapons Level 2  
  103  10:59  Tempest  
  103  11:00  Tempest  
  113  11:23  Tempest  
  113  11:24  Tempest  
  110  11:28  Tempest  
  106  11:35  Void Ray  
  125  12:06  Probe x3  
  128  12:15  Pylon  
  128  12:16  Pylon  
  128  12:18  Pylon  
Show
View Real Time Build Order
Export as new Build Order

MrFercho Zerg - Winner!

Build Orders: Hatch First, Lurkers, Roach Hydra 

Get SALT Encoding   

  12  0:01  Drone  
  13  0:14  Overlord  
  13  0:16  Drone  
  14  0:32  Drone x2  
  16  0:52  Hatchery  
  16  0:55  Drone x2  
  17  1:14  Drone x2  
  19  1:23  Extractor  
  18  1:31  Spawning Pool  
  18  1:32  Drone  
  18  1:33  Drone  
  19  1:42  Drone  
  20  1:52  Overlord  
  20  2:11  Drone x2  
  22  2:18  Queen x2  
  22  2:20  Drone x2  
  28  2:27  Drone x2  
  28  2:29  Metabolic Boost  
  30  2:35  Drone  
  31  2:37  Drone  
  32  2:45  Drone  
  32  2:47  Drone  
  34  2:58  Overlord  
  34  3:02  Overlord  
  34  3:16  Lair  
  34  3:18  Drone x3  
  37  3:21  Extractor  
  37  3:22  Extractor  
  35  3:30  Zergling x4  
  37  3:49  Roach Warren  
  37  3:53  Drone x7  
  37  3:54  Evolution Chamber  
  42  4:03  Queen  
  44  4:10  Drone  
  44  4:11  Drone  
  44  4:13  Overlord  
  46  4:29  Glial Reconstitution, Zerg Missile Weapons Level 1  
  46  4:31  Drone  
  46  4:32  Drone x2  
  49  4:50  Hatchery  
  49  4:51  Hatchery  
  47  4:55  Hydralisk Den  
  47  4:59  Infestation Pit  
  45  5:00  Drone x3  
  45  5:01  Drone x3  
  45  5:02  Evolution Chamber  
  49  5:20  Roach  
  49  5:21  Roach x4  
  59  5:35  Muscular Augments  
  59  5:36  Extractor  
  59  5:37  Hive  
  58  5:51  Drone  
  58  5:53  Overlord  
  58  5:54  Overlord x2  
  58  5:55  Zergling x2  
  61  6:11  Drone x8  
  61  6:17  Overseer  
  68  6:23  Roach  
  68  6:24  Roach x4  
  78  6:26  Zerg Missile Weapons Level 2  
  78  6:29  Zerg Ground Armor Level 1  
  78  6:31  Drone x3  
  78  6:32  Queen  
  83  6:47  Grooved Spines  
  83  6:54  Hatchery  
  83  6:58  Lurker Den  
  83  7:00  Spore Crawler  
  74  7:06  Spore Crawler  
  69  7:11  Spore Crawler  
  69  7:15  Drone x12  
  76  7:18  Overlord x2  
  76  7:19  Overlord  
  80  7:39  Drone x4  
  84  7:49  Extractor  
  83  7:51  Extractor  
  82  7:59  Hydralisk x2  
  82  8:00  Hydralisk x10  
  82  8:01  Overlord  
  100  8:48  Hydralisk  
  100  8:49  Hydralisk x16  
  100  8:51  Overlord  
  100  8:53  Overlord  
  134  9:14  Drone x7  
  134  9:15  Drone x9  
  150  9:48  Overlord x2  
  150  9:49  Overlord x4  
  150  9:53  Zerg Ground Armor Level 2  
  150  9:54  Zerg Missile Weapons Level 3  
  150  9:58  Spore Crawler  
  140  10:13  Drone x8  
  148  10:14  Drone x2  
  148  10:15  Drone x4  
  148  10:16  Drone x4  
  148  10:20  Extractor, Overseer  
  157  10:22  Extractor  
  157  10:23  Overlord x2  
  157  10:24  Overlord  
  156  10:37  Seismic Spines  
  156  10:43  Spire  
  156  10:45  Hydralisk x5  
  165  10:54  Hydralisk  
  165  10:55  Hydralisk  
  169  10:57  Zergling x12  
  169  10:58  Zergling x10  
  180  11:12  Overseer  
  180  11:13  Overseer  
  177  11:32  Drone x3  
  180  11:34  Adaptive Talons  
  180  11:36  Drone x3  
  180  11:37  Drone x3  
  186  11:42  Drone x3  
  189  12:00  Lurker x7  
  196  12:02  Hatchery  
  196  12:03  Hydralisk x2  
  196  12:06  Zergling x2  
Tags
 
League
Silver
Matchup
PvZ
Replay Pack
MrFercho
Spawn Locations
Cross Positions
Add a new tag
Caveats
  • Supply blocks, unpowered buildings, or Contaminate may cause inaccurate times.
  • Supply counts are checked every 10 seconds.